 Dungeon Crawl Stone Soup version 0.30-a0-857-gcaf7073 (webtiles) character file.

Game seed: 91442403873950165

47170 Dorkslayer the Protected (level 14, -7/127 HPs)
             Began as a Hill Orc Fighter on Mar 5, 2023.
             Was an Initiate of Gozag.
             Mangled by Oludalup's ghost (22 damage)
             ... on level 14 of the Dungeon.
             The game lasted 01:07:22 (13541 turns).

Dorkslayer the Protected (Hill Orc Fighter)        Turns: 13541, Time: 01:07:22

Health: -7/127     AC: 31    Str: 28    XL:     14   Next: 40%
Magic:  14/14      EV:  9    Int: 14    God:    Gozag
Gold:   2304       SH: 11    Dex: 12    Spells: 13/13 levels left

rFire   . . .      SeeInvis +    J - +5 broad axe (heavy)
rCold   . . .      Faith    .    w - +0 kite shield
rNeg    . . .      Spirit   .    S - +4 plate armour {rC+}
rPois   +          Reflect  .    v - +2 helmet {SInv}
rElec   +          Rampage  +    i - +2 cloak {rCorr}
rCorr   +                        L - +0 pair of gloves "Vasamur" {Rampage Will+}
Will    ++...                    p - +0 pair of boots Stlth
                                 f - amulet of regeneration
HPRegen 1.21/turn                T - ring "Ukau" {rElec rPois rC- Slay+4 SInv}
MPRegen 0.14/turn                U - ring of Gluttony {rElec Str+6 Int+6 Stlth-}

@: mighty, lethally poisoned (-7 -> -9), studying Evocations
A: no striking features
a: Renounce Religion, Potion Petition, Call Merchant, Bribe Branch


You were on level 14 of the Dungeon.
You worshipped Gozag.
Gozag was most pleased with you.
You visited 3 branches of the dungeon, and saw 17 of its levels.
You also visited: Ossuary, Bailey and Gauntlet.

You collected 4666 gold pieces.
You spent 1885 gold pieces at shops.
You paid 477 gold pieces to Gozag.

Inventory:

Hand Weapons
 J - a +5 heavy broad axe (weapon)
 R - a +3 war axe of distortion
Missiles
 o - 6 silver boomerangs
 C - a throwing net
 F - 28 boomerangs
 O - 8 silver javelins (quivered)
 Q - a curare-tipped dart
Armour
 i - a +2 cloak of preservation (worn)
 p - a +0 pair of boots (worn)
 v - a +2 helmet of see invisible (worn)
 w - a +0 kite shield (worn)
 B - a +2 cloak of stealth
 L - the +0 pair of gloves "Vasamur" (worn) {Rampage Will+}
   (You acquired it on level 9 of the Dungeon)

   Rampage:   It bestows one free step when moving towards enemies.
   Will:      It increases your willpower.
 S - a +4 plate armour of cold resistance (worn)
Jewellery
 f - an amulet of regeneration (around neck)
 r - a ring of resist corrosion
 y - a +6 ring of dexterity
 I - a ring of flight
 K - a ring of protection from cold
 N - the ring "Plog" {Fly AC+4}
   (You took it off a minotaur in a Gauntlet)

   [ring of protection]

   AC:        It affects your AC (+4).
   Fly:       It grants you flight.
 T - the ring "Ukau" (left hand) {rElec rPois rC- Slay+4 SInv}
   (You acquired it in a Gauntlet)

   [ring of slaying]

   Slay:      It affects your accuracy & damage with ranged weapons and melee
   (+4).
   rC:        It makes you vulnerable to cold.
   rElec:     It insulates you from electricity.
   rPois:     It protects you from poison.
   SInv:      It lets you see invisible.
 U - the ring of Gluttony (right hand) {rElec Str+6 Int+6 Stlth-}
   (You found it in a Gauntlet)

   [ring of intelligence]

   Str:       It affects your strength (+6).
   Int:       It affects your intelligence (+6).
   rElec:     It insulates you from electricity.
   Stlth:     It makes you less stealthy.
Wands
 b - a wand of polymorph (21)
 e - a wand of flame (2)
 h - a wand of mindburst (6)
 x - a wand of roots (6)
 H - a wand of paralysis (11)
Scrolls
 a - a scroll of identify
 m - a scroll of fog
 E - 2 scrolls of teleportation
 M - a scroll of immolation
 P - 3 scrolls of poison
Potions
 c - a potion of heal wounds
 d - 2 potions of curing
 g - 4 potions of resistance
 j - a potion of lignification
 k - 4 potions of attraction
 n - 6 potions of mutation
 q - 2 potions of flight
 s - 4 potions of brilliance
 z - 2 potions of might
 A - 3 potions of ambrosia
 D - a potion of berserk rage
Miscellaneous
 l - a tin of tremorstones (inert)
 u - a box of beasts
 G - a condenser vane (inert)


   Skills:
 * Level 12.8 Fighting
 * Level 11.3(12.5) Axes
 - Level 7.3(9.5) Polearms
 + Level 6.9 Throwing
 * Level 14.8 Armour
 + Level 7.5 Dodging
 * Level 10.2 Shields
 * Level 10.7 Evocations


You had 13 spell levels left.
You didn't know any spells.
Your spell library contained the following spells:

 Spells                   Type           Power      Damage    Failure   Level
 Beastly Appendage        Tmut           0%         N/A       98%         1
 Passwall                 Tmut/Erth      0%         N/A       99%         2
 Sublimation of Blood     Necr           0%         N/A       99%         2
 Wereblood                Tmut           0%         N/A       99%         2
 Frozen Ramparts          Ice            0%         1d1       100%        3
 Ozocubu's Armour         Ice            0%         N/A       100%        3
 Spider Form              Tmut/Pois      0%         N/A       100%        3
 Ice Form                 Ice/Tmut       0%         N/A       100%        4
 Petrify                  Tmut/Erth      0%         N/A       100%        4
 Summon Ice Beast         Ice/Summ       0%         N/A       100%        4
 Irradiate                Conj/Tmut      0%         3d11      100%        5
 Metabolic Englaciation   Hex/Ice        0%         N/A       100%        5
 Eringya's Noxious Bog    Tmut/Pois      0%         N/A       100%        6
 Simulacrum               Ice/Necr       Unusable   N/A       N/A         6

Dungeon Overview and Level Annotations

Branches:
Dungeon (14/15)            Temple (1/1) D:6            Lair (0/5) D:8
    Orc (2/2) D:11            Elf (0/3) Orc:2        Vaults (0/5) D:13
Ossuary (visited)          Bailey (visited)         Gauntlet (visited)

Altars:
Ashenzari
Cheibriados
Dithmenos
Elyvilon
Fedhas
Gozag
Hepliaklqana
Kikubaaqudgha
Makhleb
Nemelex Xobeh
Okawaru
Qazlal
Ru
Sif Muna
Trog
Uskayaw
Vehumet
Wu Jian
Xom
Yredelemnul
Zin
The Shining One
Jiyva

Shops:
D:3 *   Orc:1 :   Orc:2 [=*(

Annotations:
D:3 2 runed translucent doors, myxocpahck's ghost, weakling MfGl
D:14 Katukhlaq's ghost, journeyman MfFi; Oludalup's ghost, journeyman MfGl; Zyshrucye's ghost, journeyman DsFi


Message History

Found a potion of mutation, a scratched steel ring and a long runed staff.
Okay, then.
You open the gate. You hit Zyshrucye's ghost.
Zyshrucye's ghost is lightly damaged.
You completely miss Oludalup's ghost. You block Oludalup's ghost's attack.
You miss Oludalup's ghost. You miss Katukhlaq's ghost.
Katukhlaq's ghost hits you!
You slice Katukhlaq's ghost!!
Katukhlaq's ghost is lightly damaged.
You strike the helpless Oludalup's ghost from behind!
You slash Oludalup's ghost! Oludalup's ghost hits you!
Katukhlaq's ghost closely misses you.
You completely miss Katukhlaq's ghost.
Katukhlaq's ghost is lightly damaged.
You completely miss Oludalup's ghost.
You flicker for a moment.
Oludalup's ghost hits you but does no damage.
Katukhlaq's ghost barely misses you.
Katukhlaq's ghost hits you but does no damage.
Oludalup's ghost hits you!!
* * * LOW HITPOINT WARNING * * *
You barely miss Katukhlaq's ghost.
Katukhlaq's ghost is lightly damaged.
You completely miss Oludalup's ghost. You block Oludalup's ghost's attack.
Katukhlaq's ghost closely misses you.
You slice Katukhlaq's ghost!!
Katukhlaq's ghost is heavily damaged.
You completely miss Oludalup's ghost. Katukhlaq's ghost hits you!
* * * LOW HITPOINT WARNING * * *
You are poisoned.
You closely miss Oludalup's ghost.
Oludalup's ghost is lightly damaged.
You slice Katukhlaq's ghost!!
You flicker back into view.
You feel very sick. You block Oludalup's ghost's attack.
You block Katukhlaq's ghost's attack. Oludalup's ghost hits you!!
You die...
Your body crumbles into a pile of gold.

##.....######........#..##p#####*
##..##................#....C..###
#..###.[....###.....#.[#....#$..§
...##..)....# #...#.#..#....#...<
............###..$#.#..#....#.###
.....##.[[..........##......#.#
_...####....###......##.......#
.....##.....# #.......##....###
............# #.@W....##.....,*
...##.....### ###W''###*,##**,***
#..###..### *♣..W....♣*,* *,,,,
##..##..# *⌠..[....⌠#** *,,,,
##......# #♣.......♣# **,,,
#.......# *.........#******,,,
...#.#### *#8.....8##,,,,**,,,
.....# ##!.8=|##,,,,,,,,,, ######
********,,,,,**,,,


You could see Katukhlaq's ghost, Oludalup's ghost and Zyshrucye's ghost.

Vanquished Creatures
  Jorgrun (D:12)
  An orc warlord (Orc:2)
  A minotaur (Gauntlet)
  Erolcha (Orc:1)
  4 centaur warriors
  2 boulder beetles
  A death knight (D:14)
  2 dancing weapons (D:13)
  2 two-headed ogres
  6 orc high priests (Orc:2)
  3 skeletal warriors (D:11)
  3 orc knights
  2 ugly things
  4 orc sorcerers (Orc:2)
  2 deep elf pyromancers (D:13)
  3 cyclopes
  9 slime creatures
  An ice statue (D:9)
  The ghost of Dega the Skirmisher, a novice SpHu of Hepliaklqana (D:6)
  2 gargoyles (D:12)
  An unseen horror (D:11)
  4 kobold demonologists
  A rime drake (D:8)
  Psyche (D:8)
  5 ice devils (D:9)
  10 trolls
  6 meliai
  Prince Ribbit (D:8)
  14 flying skulls (Gauntlet)
  4 shadows
  3 vampires
  2 wyverns
  3 wraiths
  8 yaks
  3 water elementals (D:12)
  2 basilisks
  3 fire bats (Orc:1)
  4 vampire mosquitoes (D:12)
  4 wargs
  3 acid dragons
  2 water moccasins
  28 orc warriors
  3 black bears
  3 sky beasts
  9 ogres
  4 ice beasts
  2 centaurs (D:11)
  A wolf (D:8)
  A phantom (D:6)
  2 kobold brigands
  Blork the orc (D:6)
  2 bullfrogs (D:6)
  4 gnoll sergeants
  5 water moccasin zombies (Ossuary)
  4 scorpions
  37 killer bees
  5 electric eels (D:12)
  7 howler monkeys
  5 jellies
  3 gnoll boudas
  12 orc priests
  Crazy Yiuf (D:6)
  3 hounds
  A sleepcap (D:5)
  5 iguanas
  14 orc wizards
  2 mummies (Ossuary)
  10 adders
  33 gnolls
  A shadow imp (D:5)
  A white imp (D:6)
  8 ufetubi
  7 adder zombies (Ossuary)
  A worm (shapeshifter) (D:13)
  A worm (D:2)
  5 dart slugs
  59 orcs
  5 endoplasms
  A giant cockroach (D:3)
  A gnoll zombie (Ossuary)
  10 goblins
  14 hobgoblins
  11 jackals
  35 kobolds
  6 quokkas
  6 ball pythons
  6 bats
  A frilled lizard (D:1)
  10 hobgoblin zombies (Ossuary)
  A kobold zombie (Ossuary)
  3 orc zombies (Ossuary)
  6 rats
541 creatures vanquished.

Vanquished Creatures (others)
  A two-headed ogre (D:13)
  An orc priest (Orc:2)
  20 fungi (Orc:2)
  16 withered plants
38 creatures vanquished.

Grand Total: 579 creatures vanquished

Notes
Turn   | Place    | Note
-------+----------+-------------------------------------------
     0 | D:1      | Dorkslayer the Hill Orc Fighter began the quest for the
                  | Orb.
     0 | D:1      | Reached XP level 1. HP: 19/19 MP: 1/1
   169 | D:1      | Reached XP level 2. HP: 27/27 MP: 2/2
   401 | D:1      | Reached XP level 3. HP: 23/33 MP: 3/3
   917 | D:2      | Found a glowing silver altar of Zin.
   938 | D:2      | Reached skill level 1 in Dodging
   942 | D:2      | Reached XP level 4. HP: 33/40 MP: 4/4
  1081 | D:2      | Reached skill level 4 in Armour
  1081 | D:2      | Reached XP level 5. HP: 41/47 MP: 5/5
  1309 | D:2      | Identified the +1 ring mail of the Imp {MP+9 Str-5 SInv}
  1553 | D:3      | Noticed myxocpahck's ghost (weakling MfGl)
  1553 | D:3      | Found a large runed translucent door.
  1553 | D:3      | Found a large runed translucent door.
  1568 | D:3      | Identified a scroll of acquirement
  1568 | D:3      | Acquired a +3 lajatang of speed
  1594 | D:3      | Reached skill level 1 in Throwing
  1648 | D:3      | Found Gylim's General Store.
  1668 | D:3      | Identified the +2 ring mail of the Hanged Man {Harm}
  1684 | D:3      | Bought a scroll of teleportation for 30 gold pieces
  1684 | D:3      | Bought 2 scrolls of identify for 40 gold pieces
  1684 | D:3      | Bought a scroll of noise for 10 gold pieces
  1708 | D:3      | Acquired a manual of Armour
  2111 | D:3      | Reached skill level 1 in Polearms
  2111 | D:3      | Reached XP level 6. HP: 48/53 MP: 6/6
  2187 | D:4      | Noticed a black bear
  2202 | D:4      | Killed a black bear
  2203 | D:4      | Reached skill level 5 in Fighting
  2203 | D:4      | Reached skill level 5 in Armour
  2203 | D:4      | Reached XP level 7. HP: 60/61 MP: 7/7
  2324 | D:4      | Found a white marble altar of Elyvilon.
  2325 | D:4      | Found a bloodstained altar of Trog.
  2326 | D:4      | Found a sparkling altar of Nemelex Xobeh.
  2353 | D:4      | Acquired a +1 helmet of see invisible
  2771 | D:5      | Entered Level 5 of the Dungeon
  2827 | D:5      | Identified the +2 quarterstaff of Titearph {pain, rElec
                  | rPois}
  2844 | D:5      | Got the Papyrus of Toxic Variation
  3032 | D:5      | Reached skill level 6 in Armour
  3057 | D:5      | Reached XP level 8. HP: 61/70 MP: 8/8
  3679 | D:6      | Noticed Blork the orc
  3697 | D:5      | Reached skill level 1 in Evocations
  3722 | D:5      | Reached skill level 7 in Armour
  3755 | D:6      | Killed Blork the orc
  3790 | D:6      | Found a staircase to the Ecumenical Temple.
  3796 | Temple   | Entered the Ecumenical Temple
  3995 | D:6      | Reached XP level 9. HP: 78/78 MP: 9/9
  4144 | D:6      | Reached skill level 5 in Shields
  4270 | D:6      | Found a runed translucent door.
  4271 | D:6      | Noticed Crazy Yiuf
  4278 | D:6      | Killed Crazy Yiuf
  4395 | D:6      | Found a runed translucent door.
  4404 | D:6      | Noticed Dega's ghost (novice SpHu)
  4408 | D:6      | Reached skill level 8 in Armour
  4416 | D:6      | Killed Dega's ghost
  4473 | D:6      | Reached skill level 5 in Polearms
  4598 | D:7      | Found a radiant altar of Vehumet.
  4887 | D:7      | Found an ancient bone altar of Kikubaaqudgha.
  5068 | D:8      | Noticed a rime drake
  5070 | D:8      | Found a staircase to the Lair.
  5089 | D:8      | Killed a rime drake
  5090 | D:8      | Reached skill level 9 in Armour
  5094 | D:8      | Reached XP level 10. HP: 48/88 MP: 10/10
  5335 | D:8      | Found a viscous altar of Jiyva.
  5421 | D:8      | Found a sand-covered staircase.
  5430 | Ossuary  | Entered an ossuary
  5569 | Ossuary  | Reached skill level 5 in Dodging
  5659 | D:8      | Reached skill level 10 in Armour
  5685 | D:8      | Found a flagged portal.
  5694 | Bailey   | Entered a bailey
  5997 | Bailey   | Reached skill level 5 in Evocations
  6586 | D:8      | Noticed Prince Ribbit
  6587 | D:8      | Found an opulent altar of Gozag.
  6588 | D:8      | Noticed Psyche
  6596 | D:8      | Killed Psyche
  6597 | D:8      | Reached XP level 11. HP: 85/97 MP: 11/11
  6601 | D:8      | Became a worshipper of Gozag Ym Sagoz the Greedy
  6624 | D:8      | Killed Prince Ribbit
  6625 | D:8      | Reached skill level 5 in Axes
  7092 | D:9      | Noticed a two-headed ogre
  7107 | D:9      | Killed a two-headed ogre
  7108 | D:9      | Reached skill level 11 in Armour
  7172 | D:9      | Noticed a green ugly thing
  7188 | D:9      | Killed a green ugly thing
  7450 | D:9      | Acquired the +0 pair of gloves "Vasamur" {Rampage Will+}
  7482 | D:9      | Noticed a cyclops
  7497 | D:9      | Killed a cyclops
  7955 | D:10     | Entered Level 10 of the Dungeon
  7972 | D:10     | Reached skill level 5 in Throwing
  8839 | D:11     | Found a staircase to the Orcish Mines.
  8843 | D:11     | Reached skill level 10 in Fighting
  8858 | Orc:1    | Entered Level 1 of the Orcish Mines
  8881 | Orc:1    | Reached skill level 12 in Armour
  8929 | Orc:1    | Noticed Erolcha
  8932 | Orc:1    | Killed Erolcha
  8933 | Orc:1    | Reached XP level 12. HP: 106/106 MP: 12/12
  8936 | Orc:1    | Found Domangog's Vocational Training.
  9381 | Orc:2    | Entered Level 2 of the Orcish Mines
  9410 | Orc:2    | Found Doriley's General Store.
  9508 | Orc:2    | Bought a scroll of identify for 34 gold pieces
  9523 | Orc:2    | Noticed an orc high priest
  9524 | Orc:2    | Noticed an orc high priest
  9524 | Orc:2    | Noticed an orc high priest
  9528 | Orc:2    | Killed an orc high priest
  9528 | Orc:2    | Killed an orc high priest
  9529 | Orc:2    | Killed an orc high priest
  9536 | Orc:2    | Found Maergh Joba's Antique Weapon Boutique.
  9603 | Orc:2    | Noticed an orc high priest
  9611 | Orc:2    | Killed an orc high priest
  9629 | Orc:2    | Bought an iridescent glaive for 218 gold pieces
  9629 | Orc:2    | Identified the +3 glaive of the Fifty Nights {freeze, Fly
                  | rF+ Int+2} (You bought it in a shop on level 2 of the
                  | Orcish Mines)
  9629 | Orc:2    | Bought a glowing war axe for 123 gold pieces
  9645 | Orc:2    | Noticed a boulder beetle
  9658 | Orc:2    | Killed a boulder beetle
  9659 | Orc:2    | Reached skill level 13 in Armour
  9801 | Orc:2    | Noticed an orc warlord
  9803 | Orc:2    | Noticed an orc high priest
  9847 | Orc:2    | Killed an orc warlord
  9850 | Orc:2    | Noticed an orc high priest
  9859 | Orc:2    | Killed an orc high priest
  9868 | Orc:2    | Killed an orc high priest
  9869 | Orc:2    | Reached XP level 13. HP: 114/116 MP: 13/13
  9900 | Orc:2    | Found a staircase to the Elven Halls.
  9957 | Orc:2    | Found Yschucekh's Antique Armour Boutique.
  9971 | Orc:2    | Bought a pair of runed gloves for 150 gold pieces
  9994 | Orc:2    | Found Has Savvae's Jewellery Boutique.
 10316 | Orc:1    | Bought a manual of Evocations for 1280 gold pieces
 10748 | D:11     | Reached skill level 14 in Armour
 11184 | D:12     | Reached skill level 10 in Axes
 11573 | D:12     | Noticed Jorgrun
 11576 | D:12     | Killed Jorgrun
 12044 | D:13     | Found a gate to the Vaults.
 12059 | D:13     | Identified the +1 mace "Ysiwac" {heavy, rPois Int+3 Stlth+}
 12348 | D:13     | Reached XP level 14. HP: 119/127 MP: 14/14
 12432 | D:13     | Reached skill level 10 in Evocations
 12684 | D:13     | Found a glowing golden altar of the Shining One.
 12863 | D:14     | HP: 2/127 [death knight/+3 glaive (13)]
 12895 | D:14     | Reached skill level 10 in Shields
 12897 | D:14     | Found a shadowy altar of Dithmenos.
 12911 | D:14     | Found a gate leading to a gauntlet.
 12919 | Gauntlet | Entered a Gauntlet
 12919 | Gauntlet | Found a transporter.
 12948 | Gauntlet | Found a transporter.
 12949 | Gauntlet | Found a transporter.
 12950 | Gauntlet | Found a transporter.
 12953 | Gauntlet | Found a transporter.
 12954 | Gauntlet | Found a transporter.
 12966 | Gauntlet | Found a transporter.
 12991 | Gauntlet | Found a transporter.
 12996 | Gauntlet | Found a transporter.
 13000 | Gauntlet | Found a transporter.
 13010 | Gauntlet | Found a transporter.
 13080 | Gauntlet | Found a transporter.
 13081 | Gauntlet | Found the amulet of the Four Winds {rN+ Will+++ Clar}
 13194 | Gauntlet | Identified the ring of Gluttony {rElec Str+6 Int+6 Stlth-}
 13200 | Gauntlet | Acquired the ring "Ukau" {rElec rPois rC- Slay+4 SInv}
 13328 | Gauntlet | Identified the ring "Plog" {Fly AC+4}
 13521 | D:14     | Found a runed translucent gate.
 13521 | D:14     | Found a runed translucent gate.
 13522 | D:14     | Found a runed translucent gate.
 13522 | D:14     | Noticed Zyshrucye's ghost (journeyman DsFi)
 13524 | D:14     | Noticed Oludalup's ghost (journeyman MfGl)
 13524 | D:14     | Noticed Katukhlaq's ghost (journeyman MfFi)
 13541 | D:14     | Mangled by Oludalup's ghost

Illustrated notes

Levels and vault maps discovered:
D:1:      dpeg_arrival_round_c, layout_loops_ring, chequers_avenue,
          minmay_tree_intersection, minmay_misc_feat_square
D:2:      layout_loops_cross, basic_altar
D:3:      layout_rooms, ebering_ghost_disaster_area, serial_shops, shop
D:4:      layout_basic, grunt_temple_overflow_open
D:5:      layout_basic, minmay_strange_pillars, chequers_serial_rivers_micro_c,
          lightli_minifort
D:6:      layout_cave_pools, minmay_temple_entry_fiery, ebering_ghost_sewer_d,
          uniq_crazy_yiuf_cottage, uniq_blork_the_orc
D:7:      layout_rooms, kennysheep_little_box, kiku_gazebo_garden_becter
D:8:      wad_woods_minihive, layout_loops_ring, mainiacjoe_overflow_alcove_1,
          hellmonk_lair_entry_icy, enter_ossuary_1, enter_bailey_2,
          jiyva_altar_1, uniq_psyche, uniq_prince_ribbit1
D:9:      cheibrodos_frozen_isle, layout_basic
D:10:     layout_roguey
D:11:     layout_basic, minmay_orc_entry_guard_dogs, minmay_misc_feat_room
D:12:     layout_basic, kennysheep_generic_room_14, uniq_jorgrun
D:13:     layout_basic, erik_vaults_1, tso_altar
D:14:     layout_rooms, nicolae_dithmenos_shadow_blocks,
          gammafunk_ghost_cemetery, gauntlet_entry_generic
Temple:   eino_temple_rhombus
Orc:1:    layout_caves, nicolae_orc_lava_tube, nicolae_shop_vocational,
          uniq_erolcha
Orc:2:    grunt_orc_gardens, layout_caves, grunt_orc_garden, grunt_orc_garden,
          grunt_orc_garden, grunt_orc_garden, nicolae_orc_rockfall, rock_pile

Skill      XL: |  1  2  3  4  5  6  7  8  9 10 11 12 13 14 |
---------------+-------------------------------------------+-----
Axes           | 3 4 7 9 10 11 | 11.3
Fighting       | 4 5 6 7 9 10 11 12 | 12.8
Dodging        | 1 2 3 4 5 6 7 |  7.5
Armour         | 4 5 6 7 9 10 12 13 14 | 14.8
Throwing       | 1 2 3 4 5 6 |  6.9
Polearms       | 1 2 3 4 5 6 7 |  7.3
Shields        | 4 5 6 7 8 9 10 | 10.2
Evocations     | 2 3 5 6 7 9 10 | 10.7

Action                     |  1- 3 |  4- 6 |  7- 9 | 10-12 | 13-15 || total
---------------------------+-------+-------+-------+-------+-------++-------
  Melee: War axe           |    75 |    88 |       |       |       ||   163
         Lajatang          |       |    54 |   298 |   638 |       ||   990
         Broad axe         |       |       |       |   124 |   266 ||   390
  Throw: Javelin           |       |     3 |     4 |    14 |     3 ||    24
         Boomerang         |       |       |       |     7 |       ||     7
  Evoke: Wand              |       |       |       |    26 |     9 ||    35
         Condenser vane    |       |       |       |     2 |     2 ||     4
         Tin of tremorston |       |       |       |     3 |     3 ||     6
    Use: Scroll            |       |     7 |    14 |    10 |    10 ||    41
         Potion            |       |       |     4 |    13 |    12 ||    29
   Stab: Invisible         |       |       |       |    15 |    17 ||    32
         Distracted        |       |       |       |     2 |     1 ||     3
 Armour: Scale mail        |    48 |    63 |       |       |       ||   111
         Chain mail        |       |    11 |   225 |   420 |     5 ||   661
         Plate armour      |       |       |       |    58 |   265 ||   323
  Dodge: Dodged            |    44 |    86 |   159 |   453 |   168 ||   910
  Block: Buckler           |    20 |    33 |       |       |       ||    53
         Kite shield       |       |       |       |    92 |   240 ||   332

Table legend: (Time is in decaauts)
 A = Elapsed time spent in this place.
 B = Non-inter-level travel time spent in this place.
 C = Inter-level travel time spent in this place.
 D = Time resting spent in this place.
 E = Time spent auto-exploring this place.
 F = Levels seen in this place.
 G = Mean time per level.
                   A        B        C        D        E       F      G
               +--------+--------+--------+--------+--------+-----+--------+
         Total |  13604 |  13557 |     47 |    217 |   4418 |  20 |  680.2 |
       Dungeon |  10789 |  10789 |      0 |    130 |   4033 |  14 |  770.6 |
        Temple |    149 |    149 |      0 |      0 |      9 |   1 |  149.0 |
  Orcish Mines |   1595 |   1548 |     47 |     68 |    348 |   2 |  797.5 |
       Ossuary |    164 |    164 |      0 |      0 |      0 |   1 |  164.0 |
        Bailey |    463 |    463 |      0 |      0 |      0 |   1 |  463.0 |
      Gauntlet |    441 |    441 |      0 |     19 |     28 |   1 |  441.0 |
               +--------+--------+--------+--------+--------+-----+--------+

Top non-repeatable levels by time:
     D:8: 1265 daAuts
    D:13: 1010 daAuts
     D:5: 944 daAuts
    D:12: 919 daAuts
     D:1: 909 daAuts
   Orc:2: 886 daAuts
     D:9: 870 daAuts
    D:11: 858 daAuts
   Orc:1: 709 daAuts
     D:2: 700 daAuts
    D:10: 660 daAuts
     D:6: 650 daAuts
     D:4: 632 daAuts
     D:3: 573 daAuts
     D:7: 515 daAuts
